Cogmind - Beta 16.1 @@@ ROGUE MODE // 2026.06.22 @ 21:11:21 Player: Cinder Result: Destroyed by Z-Imprinter with Zionite Laser-M Performance ------------- Evolutions (1) 500 Regions Visited (6) 1200 Robots Destroyed (25) 125 Value Destroyed (518) 518 Prototype IDs (1) 20 Alien Tech Used (0) 0 Bonus (88) 88 TOTAL SCORE: 2451 Bonus ------- Follower Combat Kills 39 Met Imprinter 300 Friendly Fire -251 Cogmind --------- Core Integrity 0/400 Matter 245/300 Energy 89/100 System Corruption 0% Temperature Cool (18) Movement Core (200) Ox3 Location -7/Deep Caves Parts ------- > --- POWER (1) -------- (None) > --- PROPULSION (2) --- (None) > --- UTILITY (4) ------ Medium Storage Unit Target Analyzer Target Analyzer > --- WEAPON (2) ------- (None) > --- INVENTORY (10) --- Combat Airjet Target Analyzer Target Analyzer Makeshift ECM Suite Improved Medium Laser Makeshift Laser Flak Gun Peak State ------------ > --- POWER ------------ Light Ion Engine > --- PROPULSION ------- Hover Unit Combat Airjet > --- UTILITY ---------- Medium Storage Unit Target Analyzer Target Analyzer Improved Light Armor Plating > --- WEAPON ----------- Improved Medium Laser Flak Gun > --- INVENTORY -------- Light Ion Engine Wheel Wheel Target Analyzer Target Analyzer Makeshift ECM Suite Phase Shifter Makeshift Laser Mini Grenade Launcher Mini Grenade Launcher [Rating: 26] Favorites ----------- Power Light Ion Engine Engine Light Ion Engine Propulsion Wheel Wheel Wheel Hover Unit Combat Airjet Utility Target Analyzer Device Seismic Detector Storage Medium Storage Unit Processor Target Analyzer Protection Improved Light Armor Plating Weapon Mini Grenade Launcher Energy Gun Small Laser Ballistic Gun High-powered Shotgun Launcher Mini Grenade Launcher Special Weapon Mining Laser Build | -11 -10 -10 -9 -9 -7 -7 ------- Run | Yrd Mat Min Mat Min Zio Dee Slots Evolved 2 | . . . 2 . . . Power . | . . . . . . . Propulsion . | . . . . . . . Utility 2 | . . . 2 . . . Weapon . | . . . . . . . Parts Attached 35 | 8 5 7 7 4 . 4 Power 4 | 1 . 1 . 1 . 1 Engine 4 | 1 . 1 . 1 . 1 Core . | . . . . . . . Reactor . | . . . . . . . Propulsion 9 | 3 2 2 1 . . 1 Treads . | . . . . . . . Leg . | . . . . . . . Wheel 6 | 3 2 . . . . 1 Hover 3 | . . 2 1 . . . Flight . | . . . . . . . Utility 12 | 2 1 2 5 1 . 1 Device 5 | 1 1 . 2 . . 1 Storage 3 | 1 . 1 1 . . . Processor 2 | . . . 1 1 . . Hackware . | . . . . . . . Protection 2 | . . 1 1 . . . Artifact . | . . . . . . . Weapon 10 | 2 2 2 1 2 . 1 Energy Gun 3 | 2 . . 1 . . . Energy Cannon . | . . . . . . . Ballistic Gun 4 | . 1 2 . . . 1 Ballistic Cannon . | . . . . . . . Launcher 2 | . . . . 2 . . Special Weapon 1 | . 1 . . . . . Impact Weapon . | . . . . . . . Slashing Weapon . | . . . . . . . Piercing Weapon . | . . . . . . . Special Melee Weapon . | . . . . . . . Unidentified Prototypes 1 | . . . 1 . . . Parts Lost 20 | . 7 . 3 1 . 9 Power 3 | . 1 . . . . 2 Propulsion 6 | . 2 . 1 . . 3 Utility 4 | . 1 . 1 . . 2 Weapon 7 | . 3 . 1 1 . 2 Highest Loss Streak 9 | . 7 . 1 2 . 9 To Critical Strikes . | . . . . . . . Average Backups 8 | 2 6 6 8 9 9 9 Power . | . 1 . . 1 1 . Propulsion 1 | . 1 . 2 2 2 1 Utility 3 | . 2 3 3 4 4 3 Weapon 2 | . . 1 2 1 2 3 Tool/Special . | . . . . . . . Unused Backups 12 | . . 2 1 . 5 4 Power . | . . . . . . . Propulsion 1 | . . . . . 1 . Utility 5 | . . . . . 2 3 Weapon 6 | . . 2 1 . 2 1 Tool/Special . | . . . . . . . Average Slot Usage (%) 86 | . 79 77 78 79 100 91 Engine 8 | . 10 6 4 5 11 9 Wheel 9 | . 26 24 . . . 4 Hover 14 | . . 4 22 22 22 16 Device 2 | . 8 . 11 . . 1 Storage 12 | . 14 14 11 11 11 11 Processor 9 | . . . 1 16 22 22 Protection 8 | . . 6 8 11 11 8 Energy Gun 2 | . 17 . . . . 4 Ballistic Gun 7 | . 2 11 19 1 . 5 Launcher 8 | . . . . 11 22 7 Special Weapon 2 | . . 9 . . . . Peak Build Rating 26 | 7 9 20 22 22 23 26 Average Rating 15 | 5 5 9 18 18 22 22 On Entrance 13 | . 7 4 20 18 22 23 Avg Prop Armor Cover (%) . | . . . . . . . Naked Turns . | . . . . . . . Heaviest Build 23 | 14 14 17 23 18 18 23 Greatest Support 26 | 26 20 20 20 18 18 20 Greatest Overweight (x) 1 | . . . 1 . . 1 Average Overweight (x) . | . . . . . . . Largest Inventory Capacity 10 | 8 8 8 10 10 10 10 Average Capacity 9 | 7 8 8 9 10 10 10 Most Carried 10 | 6 8 8 10 10 10 10 Average Carried 8 | 2 6 6 8 9 9 9 Final Capacity 10 | 8 8 8 10 10 10 10 Final Carried 10 | 6 5 8 10 10 10 7 Class Distribution -------------------- 59% | Mutant 40% | Scavenger-Mutant Dominant Class ---------------- Mutant | -10/Materials Mutant | -10/Mines Mutant | -9/Materials Scavenger-Mutant | -9/Mines Scavenger-Mutant | -7/Zion Scavenger-Mutant | -7/Deep Caves Resources | -11 -10 -10 -9 -9 -7 -7 ----------- Run | Yrd Mat Min Mat Min Zio Dee Matter Collected 681 | 280 41 124 93 125 18 . Remotely . | . . . . . . . Salvage Created 578 | 59 133 175 178 33 . . Parts 38 | 9 2 6 11 10 . . Haulers Intercepted 1 | . . . 1 . . . Recyclers Shooed . | . . . . . . . Parts Field Recycled . | . . . . . . . Retrieved Matter . | . . . . . . . Parts Self-Destructed . | . . . . . . . Prevented . | . . . . . . . Parts Restored . | . . . . . . . Kills | -11 -10 -10 -9 -9 -7 -7 ------- Run | Yrd Mat Min Mat Min Zio Dee Combat Hostiles Destroyed 16 | . 3 3 2 8 . . Guns 7 | . 2 3 2 . . . AOE 8 | . . . . 8 . . Classes Destroyed 10 | 1 1 3 3 1 . 1 Worker 2 | . . 2 . . . . Tunneler 3 | 3 . . . . . . Hauler 1 | . . . 1 . . . Recycler 1 | . . 1 . . . . Watcher 1 | . . . 1 . . . Swarmer 8 | . . . . 8 . . Grunt 6 | . 3 2 1 . . . Sentry 1 | . . . 1 . . . Demolisher 1 | . . 1 . . . . Z-Technician 4 | . . . . . . 4 Thug 1 | . . . 1 . . . Best Kill Streak 4 | 3 2 2 3 4 . 4 Combat Bots Only 4 | . 2 2 2 4 . . Max Kills in Single Turn 4 | 1 1 1 1 4 . 4 Gunslinging . | . . . . . . . Exploded 4 | . . . . 4 . . Melee . | . . . . . . . Uniques/NPCs Destroyed . | . . . . . . . Combat | -11 -10 -10 -9 -9 -7 -7 -------- Run | Yrd Mat Min Mat Min Zio Dee Hostile Shots Fired 155 | . 53 5 66 12 . 19 Missed 40 | . 8 1 19 4 . 8 Hits 115 | . 45 4 47 8 . 11 Projectile 115 | . 45 4 47 8 . 11 AOE 4 | . 1 3 . . . . Critical Strikes 3 | . 3 . . . . . Damage Taken 2429 | . 741 121 713 60 . 794 Core 634 | . 212 . 139 7 . 276 Absorbed by Shields . | . . . . . . . Core Remaining (%) 57 | 100 . 15 . . . . Volleys Fired 54 | 3 25 12 9 4 . 1 Largest 2 | 2 2 2 2 1 . 2 Hottest 100 | 90 90 100 50 30 . 60 Shots Fired 87 | 6 40 17 18 4 . 2 Gun 76 | 6 40 11 18 1 . . Cannon . | . . . . . . . Launcher 5 | . . . . 3 . 2 Special 6 | . . 6 . . . . Kinetic 37 | . 7 11 18 1 . . Thermal 45 | 6 33 6 . . . . Explosive 5 | . . . . 3 . 2 Electromagnetic . | . . . . . . . Robot Hit Streak 11 | 2 11 8 6 3 . . Robot Miss Streak 3 | 1 3 3 3 2 . . Penetration Max . | . . . . . . . Secondary Targets . | . . . . . . . Shots Hit Robots 61 | 3 27 12 16 3 . . Core Hits 40 | 3 9 8 12 8 . . Critical Kills . | . . . . . . . Critical Parts Destroyed . | . . . . . . . Critical Strikes 2 | . 2 . . . . . Burn 2 | . 2 . . . . . Melee Attacks . | . . . . . . . Impact . | . . . . . . . Slashing . | . . . . . . . Piercing . | . . . . . . . Sneak Attacks . | . . . . . . . Combat Hostiles . | . . . . . . . Follow-up Attacks . | . . . . . . . Damage Inflicted 3236 | 36 315 262 383 430 . 1810 Guns 818 | 36 315 214 244 9 . . Cannons . | . . . . . . . Explosions 2370 | . . . 139 421 . 1810 Melee . | . . . . . . . Ramming . | . . . . . . . Kinetic 518 | . 51 214 244 9 . . Thermal 2217 | 36 264 48 51 48 . 1770 Explosive 413 | . . . . 373 . 40 Electromagnetic 88 | . . . 88 . . . Impact . | . . . . . . . Slashing . | . . . . . . . Piercing . | . . . . . . . Highest Corruption 1 | . . . 1 1 1 . Average Corruption 1 | . . . 1 1 1 . Corruption Purged . | . . . . . . . Corruption Blocked . | . . . . . . . Effects 3 | . . . 1 2 . . Message Errors 1 | . . . . 1 . . Heat Flow Errors 1 | . . . 1 . . . Data Loss (major) 1 | . . . . 1 . . Overload Shots . | . . . . . . . Overflow Damage 658 | . . . . . . 658 Projectiles . | . . . . . . . Explosions 658 | . . . . . . 658 Melee . | . . . . . . . Knockbacks . | . . . . . . . Impact . | . . . . . . . Kinetic . | . . . . . . . Secondary . | . . . . . . . Self-Inflicted Damage 582 | . . . 162 . . 420 Shots 6 | . . . 5 . . 1 Rammed . | . . . . . . . Targets Rammed . | . . . . . . . Kicked . | . . . . . . . Crushed . | . . . . . . . Highest Temperature 261 | 30 230 19 261 . . 3 Average Temperature 75 | 17 92 12 73 . . 3 Received Heat Transfer 684 | . 429 9 147 . . 99 Siege Activations . | . . . . . . . Martial Activations . | . . . . . . . Shielding Activations . | . . . . . . . Robots Disrupted . | . . . . . . . Combat Hostiles . | . . . . . . . Robots Corrupted . | . . . . . . . Combat Hostiles . | . . . . . . . Parts Fried 2 | . . . 2 . . . Impact Corruptions . | . . . . . . . Robots Melted 1 | . 1 . . . . . Combat Hostiles 1 | . 1 . . . . . Parts Melted . | . . . . . . . Heat Transferred 1192 | 99 843 100 100 50 . . Parts Sabotaged . | . . . . . . . Parts Stolen . | . . . . . . . Parts Stripped . | . . . . . . . Power Chain Reactions 4 | . . . 4 . . . Alert | -11 -10 -10 -9 -9 -7 -7 ------- Run | Yrd Mat Min Mat Min Zio Dee Maximum Alert Level 1 | . . . . 1 . . Low Security (%) 96 | 100 100 100 100 63 . . Level 1 3 | . . . . 36 . . Level 2 . | . . . . . . . Level 3 . | . . . . . . . Level 4 . | . . . . . . . Level 5 . | . . . . . . . High Security . | . . . . . . . Max Security . | . . . . . . . Peak Influence 246 | 5 50 88 106 246 . . Initial 24 | . 3 13 24 12 . . Average 36 | 1 10 17 58 136 . . Influence Increases 717 | 15 116 123 189 274 . . Destroy 0b10 Robot/C 340 | . 60 80 40 160 . . Destroy 0b10 Robot/NC 40 | 15 . 15 10 . . . Destroy Leader 84 | . 20 20 14 30 . . Allied During Kill 6 | . . 6 . . . . Successful Hack 18 | . 6 . 12 . . . Disable Machine 75 | . . . 45 30 . . Destroy Structure 34 | . . 2 8 24 . . Lose Combat Pursuer 120 | . 30 . 60 30 . . Influence Decreases 717 | 10 85 95 220 81 226 . Entered New Map 312 | . 2 23 40 21 226 . Time Decay 315 | 10 33 72 150 50 . . Lost Part 90 | . 50 . 30 10 . . Squads Dispatched 2 | . . 2 . . . . Investigation 1 | . . 1 . . . . Extermination . | . . . . . . . Reinforcement . | . . . . . . . Assault 1 | . . 1 . . . . Garrison . | . . . . . . . Intercept . | . . . . . . . Searches Triggered . | . . . . . . . Construction Impeded . | . . . . . . . Haulers Reinforced . | . . . . . . . Active Scanning Responses . | . . . . . . . Cargo Convoy Interrupts . | . . . . . . . Stealth | -11 -10 -10 -9 -9 -7 -7 --------- Run | Yrd Mat Min Mat Min Zio Dee Distress Signals 1 | . 1 . . . . . Communications Jammed . | . . . . . . . Distress Signals . | . . . . . . . Times Spotted 35 | . 9 4 13 7 . 2 Peak Tracking Total 6 | . 5 3 6 4 . 3 Tactical Retreats 5 | . 1 . 3 1 . . Traps | -11 -10 -10 -9 -9 -7 -7 ------- Run | Yrd Mat Min Mat Min Zio Dee Traps Triggered . | . . . . . . . Indirectly . | . . . . . . . Trap Hack Attempts . | . . . . . . . Triggered . | . . . . . . . Disarmed . | . . . . . . . Reprogrammed . | . . . . . . . Reused . | . . . . . . . Traps Extracted . | . . . . . . . Installed . | . . . . . . . Triggered . | . . . . . . . Machines | -11 -10 -10 -9 -9 -7 -7 ---------- Run | Yrd Mat Min Mat Min Zio Dee Machines Disabled 7 | . . . 3 2 . 2 Max in Single Turn 3 | . . . 3 2 . 1 Machines Repaired . | . . . . . . . Machines Dismantled . | . . . . . . . Machines Sabotaged . | . . . . . . . Overloaded Fab Kills . | . . . . . . . Hacking | -11 -10 -10 -9 -9 -7 -7 --------- Run | Yrd Mat Min Mat Min Zio Dee Machines Accessed 7 | . 1 1 4 . 1 . Terminals 4 | . 1 . 3 . . . Fabricators . | . . . . . . . Repair Stations . | . . . . . . . Recycling Units . | . . . . . . . Scanalyzers 1 | . . . 1 . . . Garrison Access . | . . . . . . . Total Hacks 17 | . 2 1 11 . 3 . Successful 12 | . 1 1 7 . 3 . Failed 5 | . 1 . 4 . . . Catastrophic 1 | . . . 1 . . . Database Lockouts . | . . . . . . . Manual 8 | . 2 . 2 . 4 . Terminals 8 | . 2 . 6 . . . Fabricators . | . . . . . . . Repair Stations . | . . . . . . . Recycling Units . | . . . . . . . Scanalyzers 5 | . . . 5 . . . Garrison Access . | . . . . . . . Terminal Hacks 6 | . . 1 2 . 3 . Part Schematic 3 | . . . . . 3 . Open Door 1 | . . 1 . . . . Branch Access Points 1 | . . . 1 . . . Zone Layout 1 | . . . 1 . . . Fabricator Hacks . | . . . . . . . Repair Station Hacks . | . . . . . . . Recycling Unit Hacks . | . . . . . . . Scanalyzer 5 | . . . 5 . . . Insert Component 2 | . . . 2 . . . Analyze 2 | . . . 2 . . . Retrieve Study 1 | . . . 1 . . . Garrison Access Hacks . | . . . . . . . Unauthorized Hacks 1 | . 1 . . . . . Terminals 1 | . 1 . . . . . Assimilate 1 | . 1 . . . . . Fabricators . | . . . . . . . Repair Stations . | . . . . . . . Recycling Units . | . . . . . . . Scanalyzers . | . . . . . . . Garrison Access . | . . . . . . . Data Cores Recovered . | . . . . . . . Used . | . . . . . . . Hacking Detections 4 | . 1 . 3 . . . Full Trace Events . | . . . . . . . Feedback Events . | . . . . . . . Feedback Blocked . | . . . . . . . Robot Schematics Acquired 2 | . . . . . 2 . Robots Built . | . . . . . . . Authchips . | . . . . . . . Time . | . . . . . . . Total Robot Build Rating . | . . . . . . . Part Schematics Acquired 20 | . . . 2 . 18 . Parts Built . | . . . . . . . Authchips . | . . . . . . . Time . | . . . . . . . Total Part Build Rating . | . . . . . . . Part Studies Acquired 1 | . . . 1 . . . Parts Repaired . | . . . . . . . Time . | . . . . . . . Parts Recycled . | . . . . . . . Recycled Matter . | . . . . . . . Retrieved Matter . | . . . . . . . Retrieved Components . | . . . . . . . Parts Scanalyzed 2 | . . . 2 . . . Part Schematics Acquired 2 | . . . 2 . . . Parts Damaged . | . . . . . . . Bothacking | -11 -10 -10 -9 -9 -7 -7 ------------ Run | Yrd Mat Min Mat Min Zio Dee Used RIF Installer . | . . . . . . . Robots Hacked . | . . . . . . . Non-combat . | . . . . . . . Combat . | . . . . . . . Robot Hacks Applied . | . . . . . . . Relay Couplers Released . | . . . . . . . Fabnet Peak Effective % . | . . . . . . . Robots Rewired . | . . . . . . . Allies Hacked . | . . . . . . . Hacks Repelled . | . . . . . . . Allies | -11 -10 -10 -9 -9 -7 -7 -------- Run | Yrd Mat Min Mat Min Zio Dee Total Allies 4 | . . 1 . . 3 . Largest Group 3 | . . 1 1 . 3 3 Highest-Rated Group 81 | . . 31 31 . 81 81 Highest-Rated Ally 31 | . . 31 31 . 31 31 Total Orders . | . . . . . . . Ally Attacks 9 | . . 5 . . . 4 Total Damage 83 | . . 42 . . . 41 Kills 2 | . . 1 . . . 1 Allies Corrupted . | . . . . . . . Allies Melted . | . . . . . . . Intel | -11 -10 -10 -9 -9 -7 -7 ------- Run | Yrd Mat Min Mat Min Zio Dee Active Infowar (turns) 368 | 8 68 . 292 . . . Seismic 368 | 8 68 . 292 . . . Robot Analysis Total . | . . . . . . . Derelict Logs Recovered 4 | . . 1 . 1 2 . Drone Launches . | . . . . . . . Drone Recoveries . | . . . . . . . Exploration | -11 -10 -10 -9 -9 -7 -7 ------------- Run | Yrd Mat Min Mat Min Zio Dee Turns Passed 1841 | 98 177 475 307 105 564 115 Spaces Moved 2040 | 82 102 507 301 133 800 115 Core 4 | 4 . . . . . . Treads . | . . . . . . . Legs . | . . . . . . . Wheels 651 | 78 102 437 . . . 34 Hover 1385 | . . 70 301 133 800 81 Flight . | . . . . . . . Fastest Speed 50 | 50 80 66 66 66 66 66 Average Speed 73 | 84 80 78 78 66 66 87 Slowest Speed 150 | 100 80 80 150 66 66 131 Overloaded Moves . | . . . . . . . Propulsion Burnouts . | . . . . . . . Robots Hopped 1 | . . . . . 1 . Potential Cave-ins . | . . . . . . . Cave-ins Triggered . | . . . . . . . Exploration Rate (%) 42 | 3 23 80 43 31 82 38 Regions Visited 6 Branch Regions 4 Pre-discovered Areas 2 | . . . . . 2 . Known Exits Taken 1 | . . . 1 . . . Unknown Exits Taken 5 | 1 1 1 . 1 1 . Scrap Searched 5 | . . 1 . 1 3 . Spaces Dug . | . . . . . . . Terrain Destroyed 34 | . . 2 6 26 . . Melee . | . . . . . . . Projectile 2 | . . 2 . . . . AOE 32 | . . . 6 26 . . Terrain Rammed . | . . . . . . . Walls Destroyed . | . . . . . . . Machines Disabled . | . . . . . . . Actions | -11 -10 -10 -9 -9 -7 -7 --------- Run | Yrd Mat Min Mat Min Zio Dee Total 2275 | 100 157 557 355 144 838 124 Wait 91 | . 21 18 20 2 30 . Move 2032 | 81 101 506 300 132 797 115 Hop 1 | . . . . . 1 . Pick Up 30 | 7 2 8 6 2 5 . Fast Attach 18 | 7 2 3 4 2 . . Attach 13 | . 4 1 3 2 . 3 Detach 4 | . 1 . 3 . . . Swap 13 | 1 . 3 4 . . 5 Drop 19 | 1 1 6 6 . 5 . Fire 54 | 3 25 12 9 4 . 1 Melee . | . . . . . . . Ram . | . . . . . . . Kick . | . . . . . . . Crush . | . . . . . . . Escape Stasis . | . . . . . . . Rewire . | . . . . . . . Trap . | . . . . . . . Miscellaneous . | . . . . . . . Route ------- -11/Scrapyard -10/Materials -10/Mines -9/Materials (discovered 3 exits: [*Mat x2] / *Min) -9/Mines -7/Zion -7/Deep Caves History --------- Turn | Location | Event 7 | -11/Scrapyard | Discovered new exit (range 16) 99 | -11/Scrapyard | Entered Materials 231 | -10/Materials | Core integrity fell below 50% 237 | -10/Materials | Core integrity fell below 20% 259 | -10/Materials | Lost 7 parts (1p2n1u3w) 267 | -10/Materials | Discovered new exit (range 6) 276 | -10/Materials | Entered Mines 312 | -10/Mines | Build established: Mutant 379 | -10/Mines | Met a Derelict testing a Signal Generator 423 | -10/Mines | Assembled infested the area 428 | -10/Mines | Assisted by a Guerilla fighting off Assembled 514 | -10/Mines | Met a Derelict shopkeep closing up shop 730 | -10/Mines | Discovered new exit (range 12) 731 | -10/Mines | Learned Materials terminal intel 751 | -10/Mines | Entered Materials 751 | -9/Materials | Accompanied by 1 ally 751 | -9/Materials | Evolved 2 slots: Utility x2 752 | -9/Materials | Loaded intel: 12 terminal locations 866 | -9/Materials | Identified exit to Mines 925 | -9/Materials | Discovered new exit (range 16) 1007 | -9/Materials | Discovered new exit (range 13) 1058 | -9/Materials | Entered Mines 1145 | -9/Mines | Learned 4 Materials zone layouts 1161 | -9/Mines | A Derelict revealed a hidden shortcut to a safe place 1163 | -9/Mines | Entered Zion 1176 | -7/Zion | Acquired unknown access codes intercepted by a Zionite 1220 | -7/Zion | System corruption cleaned by Quarantine Array 1376 | -7/Zion | Learned Factory interactive machine intel 1379 | -7/Zion | Build established: Scavenger-Mutant 1521 | -7/Zion | Learned Factory security intel 1522 | -7/Zion | Gained Derelict followers 1640 | -7/Zion | Met Imprinter 1699 | -7/Zion | Opened final containment barrier to the Deep Caves 1709 | -7/Zion | Discovered new exit (range 3) 1709 | -7/Zion | Saw the warning signs outside the Deep Caves entrance 1727 | -7/Zion | Entered Deep Caves 1727 | -7/Deep Caves | Accompanied by 3 allies 1796 | -7/Deep Caves | Z-Facility disabled 1812 | -7/Deep Caves | Core integrity fell below 50% 1818 | -7/Deep Caves | Attacked by Z-Imprinter 1833 | -7/Deep Caves | Core integrity fell below 20% 1842 | -7/Deep Caves | Destroyed by Z-Imprinter with Zionite Laser-M Last Messages --------------- 01811_ 0F-OZD(o) destroyed. 01811_ Destroyed Hover Unit. 01811_ 7G-RZF(o) destroyed. 01811_ Mni. Grenade Launcher destroyed. 01811_ Destroyed Mni. Grenade Launcher. 01811_ Imp. Light Armor Plating destroyed. 01811_ Destroyed Imp. Light Armor Plating. 01811_ Lgt. Ion Engine destroyed. 01811_ Destroyed Lgt. Ion Engine. 01811_ Mni. Grenade Launcher destroyed. 01811_ Destroyed Mni. Grenade Launcher. 01811_ Hover Unit destroyed. 01811_ Destroyed Hover Unit. 01811_ 71-5V5(o) destroyed. Z-Imprinter: GET AWAY FROM HERE! I've worked too hard for our future just to have you ruin everything! 01822_ Lgt. Ion Engine destroyed. 01837_ Wheel+ destroyed. 01837_ Phase Shifter destroyed. 01842_ Wheel+ destroyed. Map ----- +----------------------------------------------------+ | ????????????????????????????????????????????????? | | ????????????????????????????????????????????????? | | ?????????????????????????????????????????????????? | | ?????????????????????????????????????????????????? | | ?????????????????????????????????????????????????? | | ???????????????????????????????????????????????? | | ???????????????????????????????????????????????? | | ????????????????????????? ??????"" | | ??????????????????????? "???"""" | | ???????????????????? """"""" | | ???????????????????? """" | | ????????????????????# "" | | ???????????????????## | | ???????????????????# | | ????????????????????# | | ?????????????????#### | | ????????????????## # | | ????????????????# | | ????????????????# | | ????????????????# | | ?????????????????# | | ???????????????????# | | ???????????????????# | | ???????????????????## | | ????????????????????# | | ????????????????????## @ | | ?????????????????????# | | ?????????????????????# | | ?????????????????????# | | ???????????????????? | | ??????????????????? | | ?????????????????? | | ????????????????? | | ???????????????? | | ???????????????# | | ??????????????? | | ??????????????# ## | | ?????????????????# | | ??????????????????# ????????????????? | | ????????????????????? ???????????????????? | | ??????????????????????? ?????????????????????? | | ?????????????????????????????????????????????????? | | ?????????????????????????????????????????????????? | | ?????????????????????????????????????????????????? | | ?????????????????????????????????????????????????? | | | | | | | | | | | +----------------------------------------------------+ Best States ------------- Heat Dissipation 39 Energy Generation 10 Energy Capacity 250 Matter Stores 300 Matter Capacity 300 Sight Range 16 Terrain Scan Density 10 Armor Coverage 150 Phase Shifting 5 Evasion (%) 51 Target Analysis 7 Item Schematics ----------------- Cmb. Airjet | -9/Materials | Scanalyzed Imp. Light Armor Plating | -9/Materials | Scanalyzed Core Analyzer | -7/Zion | Archive Power Sword | -7/Zion | Archive Hvy. Ion Cannon | -7/Zion | Archive Adv. System Restoration Module | -7/Zion | Archive Adv. Hacking Suite | -7/Zion | Archive EM Disruption Field | -7/Zion | Archive EM Shield | -7/Zion | Archive Plasma Cannon | -7/Zion | Archive Imp. Medium Treads | -7/Zion | Archive Adv. Terrain Scanner | -7/Zion | Archive Imp. EM Pulse Cannon | -7/Zion | Archive Thermic Laser | -7/Zion | Archive Imp. Cooling System | -7/Zion | Archive Plasma Rifle | -7/Zion | Archive Proton Missile Launcher | -7/Zion | Archive Riot Gun | -7/Zion | Free Barrage Gun | -7/Zion | Free Plasma Flamer | -7/Zion | Free Robot Schematics ------------------ A-02 Transporter | -7/Zion | Archive K-01 Serf | -7/Zion | Archive Fabricated ------------ Nothing Repaired ---------- Nothing Studied --------- Wheel | -9/Materials | Hacked Alien Tech Used ----------------- None Achievements -------------- None Challenges ------------ None Game ------ Seed DirtyGodFlail Manual? 0 Play Time 00:23:33 Cumulative 162.1 hours Start 2026.06.22 @ 20:49:33 End 2026.06.22 @ 21:11:21 Sessions 1 Manual Loads 0 Difficulty Rogue Special Mode None Game No. 224 Rogue 224 Adventurer 0 Explorer 0 Win Type - Total 2 Types 2/0/0/0/0/0/0/0/0/0 Lore% 73 Gallery% 54 Achievement% 42 Wizard Run 0 Options --------- Layout 0 ASCII 0 Keyboard 0 Movement Numpad Keybinds 0 Fullscreen 1 Font 18/Terminus Map View 76x50 Zoom Use 1% Tactical HUD 1 Map Filters NONE Filters NONE Steam 1 RUN: a26111ff-b206-4558-9ccc-828f04bd1eea